Map: Ulrena

Players

MCanning

  • Race: Protoss Protoss
  • League: Grandmaster

Tool - Winner!

  • Race: Zerg Zerg
  • League: Master

VOD

http://www.twitch.tv/mcanning/v/33124982

Description

Time

  • Played on: Jan. 1, 2016, 1:29 p.m.
  • Length: 12:11
Show
View Real Time Build Order
Export as new Build Order

MCanning Protoss 

Build Orders: 1 Gate Expand 

Get SALT Encoding   

  12  0:01  Probe (Chrono Boost)  
  13  0:11  Probe (Chrono Boost)  
  14  0:19  Pylon  
  14  0:22  Probe (Chrono Boost)  
  15  0:38  Probe (Chrono Boost), Gateway  
  16  0:48  Probe (Chrono Boost)  
  17  0:51  Assimilator  
  17  0:59  Probe (Chrono Boost)  
  18  1:09  Probe (Chrono Boost)  
  19  1:24  Nexus  
  19  1:37  Cybernetics Core, Probe (Chrono Boost)  
  20  1:48  Probe (Chrono Boost)  
  20  1:51  Pylon  
  21  1:59  Probe (Chrono Boost), Assimilator  
  22  2:09  Probe (Chrono Boost), Zealot  
  25  2:20  Mothership Core (Chrono Boost)  
  27  2:28  Warp Gate  
  27  2:38  Probe (Chrono Boost)  
  27  2:41  Probe (Chrono Boost)  
  29  2:45  Gateway  
  29  2:49  Probe (Chrono Boost)  
  29  2:50  Stalker (Chrono Boost)  
  33  2:51  Probe (Chrono Boost)  
  33  2:58  Probe (Chrono Boost)  
  33  3:01  Probe (Chrono Boost)  
  35  3:09  Probe, Robotics Facility  
  36  3:18  Sentry (Chrono Boost), Probe (Chrono Boost)  
  39  3:22  Pylon  
  39  3:23  Probe (Chrono Boost)  
  40  3:30  Probe (Chrono Boost)  
  41  3:36  Gateway  
  41  3:40  Probe (Chrono Boost)  
  42  3:42  Pylon  
  42  3:43  Probe (Chrono Boost)  
  42  3:46  Sentry  
  45  3:49  Sentry  
  45  3:51  Probe (Chrono Boost)  
  45  3:53  Probe (Chrono Boost)  
  49  4:01  Probe (Chrono Boost)  
  49  4:04  Probe (Chrono Boost)  
  49  4:08  Gateway  
  50  4:11  Pylon  
  50  4:13  Probe (Chrono Boost)  
  50  4:15  Probe, Observer (Chrono Boost)  
  52  4:23  Forge  
  53  4:25  Pylon  
  53  4:27  Probe  
  53  4:28  Probe  
  53  4:29  Assimilator  
  55  4:31  Assimilator  
  55  4:34  Observer (Chrono Boost)  
  56  4:39  Probe  
  56  4:41  Gateway  
  56  4:43  Gateway  
  57  4:49  Pylon  
  57  4:53  Observer (Chrono Boost)  
  57  4:54  Probe  
  57  4:56  Pylon, Protoss Ground Weapons Level 1 (Chrono Boost)  
  57  4:57  Probe  
  60  5:05  Photon Cannon  
  60  5:07  Probe  
  61  5:08  Probe  
  62  5:17  Robotics Bay  
  62  5:19  Probe  
  63  5:27  Pylon  
  63  5:32  Probe  
  63  5:33  Nexus  
  64  5:37  Probe  
  64  5:38  Pylon  
  65  5:44  Probe  
  65  5:47  Probe  
  65  5:48  Twilight Council  
  67  5:50  Sentry  
  69  5:59  Probe x2  
  71  6:05  Disruptor (Chrono Boost)  
  75  6:11  Probe  
  75  6:12  Photon Cannon  
  75  6:16  Probe  
  76  6:23  Probe  
  77  6:26  Photon Cannon  
  77  6:27  Blink  
  77  6:28  Probe  
  77  6:29  Dark Shrine  
  77  6:30  Pylon  
  78  6:33  Stalker  
  78  6:34  Stalker, Disruptor  
  78  6:38  Stalker x2  
  85  6:41  Probe x2  
  87  6:47  Assimilator  
  87  6:49  Assimilator  
  87  6:53  Probe  
  88  6:57  Pylon, Protoss Ground Weapons Level 2 (Chrono Boost)  
  88  6:59  Probe  
  88  7:00  Probe  
  90  7:03  Gateway  
  90  7:07  Disruptor  
  92  7:15  Stalker x2  
  92  7:18  Probe  
  92  7:21  Zealot  
  92  7:22  Zealot  
  101  7:24  Probe  
  102  7:31  Probe  
  102  7:34  Stalker  
  105  7:38  Disruptor  
  105  7:41  Gateway  
  105  7:42  Gateway  
  105  7:43  Gateway  
  108  7:46  Stalker  
  108  7:47  Stalker x2  
  114  7:58  Probe  
  115  8:07  Dark Templar  
  115  8:08  Dark Templar  
  115  8:10  Dark Templar  
  115  8:11  Disruptor  
  119  8:17  Probe  
  123  8:32  Nexus  
  123  8:33  Stalker x3, Pylon  
  123  8:34  Stalker  
  130  8:42  Disruptor  
  129  8:51  Stalker x3  
  129  8:52  Stalker  
  135  8:57  Photon Cannon  
  135  8:59  Photon Cannon  
  135  9:01  Photon Cannon  
  135  9:03  Photon Cannon  
  135  9:05  Pylon  
  135  9:09  Probe  
  134  9:13  Disruptor  
  120  9:23  Protoss Ground Weapons Level 3 (Chrono Boost)  
  118  9:26  Dark Templar  
  118  9:29  Dark Templar  
  122  9:31  Zealot x4  
  122  9:32  Zealot x4  
  122  9:37  Assimilator  
  138  9:38  Probe  
  138  9:41  Assimilator  
  136  9:46  Disruptor  
  127  9:55  Stalker x2  
  127  9:57  Stalker x3  
  123  10:01  Zealot x3  
  123  10:03  Zealot  
  96  10:18  Disruptor  
  85  10:31  Stalker  
  85  10:32  Stalker x4  
  81  10:54  Disruptor (Chrono Boost)  
  77  11:11  Probe  
  76  11:19  Probe  
  76  11:23  Probe  
  76  11:27  Disruptor (Chrono Boost)  
  76  11:29  Probe  
  80  11:35  Probe  
  80  11:37  Stalker  
  80  11:52  Stalker x2  
Show
View Real Time Build Order
Export as new Build Order

Tool Zerg - Winner!

Build Orders: Hatch First 

Get SALT Encoding   

  12  0:01  Drone  
  13  0:09  Drone  
  14  0:17  Overlord  
  14  0:32  Drone, Extractor  
  14  0:33  Extractor  
  14  0:34  Drone  
  16  0:44  Drone  
  17  0:56  Hatchery  
  16  0:58  Drone  
  16  1:01  Extractor  
  16  1:05  Drone  
  17  1:18  Spawning Pool  
  17  1:19  Drone  
  17  1:27  Drone  
  18  1:38  Drone  
  19  1:48  Overlord  
  19  2:00  Drone  
  20  2:05  Queen  
  20  2:07  Queen  
  20  2:08  Metabolic Boost  
  24  2:12  Drone  
  24  2:14  Zergling x2  
  26  2:19  Drone  
  28  2:22  Drone  
  28  2:41  Hatchery  
  27  2:46  Drone x2  
  27  2:48  Drone  
  30  2:51  Drone  
  30  2:58  Drone x2  
  33  3:06  Lair  
  33  3:08  Extractor  
  33  3:09  Drone  
  33  3:11  Drone  
  34  3:17  Overlord  
  34  3:21  Drone x2  
  36  3:38  Drone  
  36  3:39  Drone x2  
  39  3:43  Drone x3  
  39  3:47  Overlord  
  42  3:48  Overlord  
  42  4:00  Roach Warren  
  41  4:05  Queen  
  41  4:07  Drone x6  
  49  4:12  Evolution Chamber  
  49  4:13  Pneumatized Carapace  
  48  4:19  Drone x2  
  48  4:20  Drone  
  51  4:27  Overlord  
  51  4:29  Overlord  
  51  4:30  Drone x2  
  53  4:33  Extractor  
  52  4:40  Queen  
  52  4:42  Zerg Missile Weapons Level 1, Glial Reconstitution  
  52  4:44  Roach  
  56  4:48  Roach x2  
  60  4:56  Drone x4  
  60  4:57  Drone  
  65  5:00  Roach x2  
  65  5:05  Overseer  
  65  5:06  Roach x2  
  73  5:14  Overlord x2  
  73  5:20  Hydralisk Den  
  72  5:23  Evolution Chamber  
  72  5:28  Extractor  
  70  5:36  Drone x3  
  70  5:39  Extractor  
  70  5:42  Drone x4  
  76  5:43  Overlord  
  76  5:46  Drone x2  
  76  5:47  Drone  
  76  5:48  Drone  
  76  5:49  Drone  
  81  5:51  Hatchery, Extractor  
  81  5:53  Zerg Ground Armor Level 1  
  79  6:03  Muscular Augments  
  79  6:09  Hydralisk  
  79  6:10  Hydralisk x3  
  87  6:16  Drone  
  87  6:17  Drone x2  
  87  6:18  Overlord x2  
  90  6:36  Hatchery  
  90  6:37  Drone x3  
  90  6:38  Drone x4  
  96  6:42  Drone  
  96  6:43  Drone  
  96  6:44  Zerg Missile Weapons Level 2  
  96  6:47  Hydralisk  
  100  7:06  Hydralisk  
  100  7:07  Hydralisk x4  
  110  7:11  Overlord x3  
  110  7:21  Overlord x2  
  110  7:25  Drone x2  
  112  7:32  Drone x3  
  112  7:33  Drone x5  
  112  7:35  Hydralisk x5  
  112  7:36  Hydralisk  
  132  7:42  Lurker Den  
  132  7:50  Overseer  
  132  8:04  Roach  
  132  8:05  Roach x12  
  157  8:06  Overlord x2  
  157  8:09  Spore Crawler  
  157  8:12  Spine Crawler  
  155  8:14  Overlord, Spine Crawler  
  155  8:15  Spine Crawler  
  153  8:30  Roach x6  
  153  8:32  Overlord x2  
  163  8:46  Queen  
  158  8:57  Hydralisk x14  
  158  8:59  Roach  
  172  9:11  Hydralisk x6  
  172  9:16  Hydralisk x2  
  172  9:19  Hydralisk x2  
  176  9:27  Hydralisk x4  
  176  9:31  Overseer  
  184  9:35  Lurker x3  
  184  9:36  Hydralisk  
  165  9:53  Hydralisk x2  
  165  9:54  Hydralisk x5  
  165  9:59  Roach  
  174  10:00  Roach x2  
  174  10:06  Hydralisk x2  
  142  10:16  Roach x3  
  142  10:17  Roach  
  148  10:21  Zergling x8  
  148  10:22  Zergling x10  
  148  10:30  Hydralisk x2  
  148  10:31  Hydralisk  
  148  10:35  Spore Crawler, Spine Crawler  
  148  10:37  Spine Crawler  
  148  10:38  Spine Crawler  
  148  10:39  Spine Crawler  
  148  10:40  Hydralisk  
  139  10:43  Overseer  
  118  11:06  Drone x2  
  118  11:07  Drone x7  
  126  11:32  Overseer  
  126  11:34  Overseer x2  
  126  11:35  Hatchery  
Tags
 
Add a new tag
Caveats
  • Supply blocks, unpowered buildings, or Contaminate may cause inaccurate times.
  • Supply counts are checked every 10 seconds.